 Dungeon Crawl Stone Soup version 0.22.0-60-ga52c2fc (webtiles) character file.

40 inc the Conjurer (level 3, 0/21 HPs)
             Began as an Octopode Fire Elementalist on Sept 10, 2018.
             Slain by Terence
             ... wielding a +2 mace of draining
              (1 damage)
             ... on level 2 of the Dungeon.
             The game lasted 00:01:29 (1083 turns).

inc the Conjurer (Octopode Fire Elementalist)       Turns: 1083, Time: 00:01:31

Health: 0/21       AC:  1    Str:  7    XL:     3   Next: 50%
Magic:  4/6        EV: 13    Int: 18    God:
Gold:   73         SH:  0    Dex: 12    Spells: 5/6 levels left

rFire    . . .     SeeInvis .   a - +0 dagger
rCold    . . .     Gourm    .   (no shield)
rNeg     . . .     Faith    .   (helmet restricted)
rPois    .         Spirit   .   (no amulet)
rElec    .         Reflect  .   g - ring of protection from magic
rCorr    .         Harm     .   (no ring)
MR       +....                  (no ring)
Stlth    +++.......             (no ring)
HPRegen  0.07/turn              (no ring)
MPRegen  0.10/turn              (no ring)
                                (no ring)
                                (no ring)

@: very slightly contaminated, drained
A: almost no armour, stealthy swim, amphibious, 8 rings, constrict 8, camouflage
1, gelatinous body 1
a: no special abilities


You were on level 2 of the Dungeon.
You were hungry.

You visited 1 branch of the dungeon, and saw 2 of its levels.

You collected 73 gold pieces.

Inventory:

Hand Weapons
 a - a +0 dagger (weapon)
 b - a +0 blowgun
Jewellery
 g - a ring of protection from magic (left tentacle)
 j - an uncursed ring of see invisible {unknown}
Scrolls
 c - a scroll of noise {unknown}
 e - a scroll of remove curse {unknown}
 h - a scroll of identify {unknown}
 i - a scroll of teleportation {unknown}
Potions
 d - a potion of curing {unknown}
 f - a potion of degeneration {unknown}
 l - a potion of ambrosia {unknown}
Comestibles
 k - 4 rations


   Skills:
 - Level 2.0(1.1) Dodging
 - Level 2.6(1.8) Stealth
 - Level 2.0(1.1) Spellcasting
 + Level 3.3(2.4) Conjurations
 - Level 3.0(2.1) Fire Magic


You had 5 spell levels left.
You knew the following spells:

 Your Spells              Type           Power        Failure   Level  Hunger
a - Flame Tongue          Conj/Fire      #....        8%          1    ##.....

Your spell library contained the following spells:

 Spells                   Type           Power        Failure   Level  Hunger
 Throw Flame              Conj/Fire      #.....       12%         2    ###....
 Conjure Flame            Conj/Fire      #.......     22%         3    ####...
 Inner Flame              Hex/Fire       #.......     36%         3    ####...
 Sticky Flame             Conj/Fire      #.......     58%         4    #####..
 Fireball                 Conj/Fire      #.........   91%         5    ######.


Dungeon Overview and Level Annotations

Branches:
Dungeon (2/15)

Altars:
Xom

Annotations:
D:2 Terence


Innate Abilities, Weirdness & Mutations

You cannot wear most types of armour.
You are very stealthy in the water. (Stealth+)
You are amphibious.
You can wear up to eight rings at the same time.
You can use your tentacles to constrict eight enemies at once.
Your skin changes colour to match your surroundings (Stealth+).
Your rubbery body absorbs attacks. (AC +1, EV +1)


Message History

You constrict Terence, but do no damage.
Terence hits you with a mace of draining.
You feel drained.
You hit Terence but do no damage.
You constrict Terence, but do no damage.
Terence hits you with a mace of draining!
* * * LOW HITPOINT WARNING * * *
You feel drained.
Casting: Flame Tongue (safe; 7% risk of failure)
Confirm with . or Enter, or press ? or * to list all spells.
Aiming: Flame Tongue (safe; 7% risk of failure)
Press: ? - help, Shift-Dir - straight line, f/p - Terence
Aim: Terence, wielding a mace of draining and wearing a scale mail (constricted You miscast Flame Tongue.
You are very lightly contaminated with residual magic.
Nothing appears to happen.
You constrict Terence.
Terence hits you with a mace of draining.
* * * LOW HITPOINT WARNING * * *
You feel drained.
You die...

#.#.#.#
#.#########
#(#...# #.#
#...# #.#
#..<# #.#
#...# #.#
#...#.#.#
#####
#.....#.#
......
#.#.###.#
......##@#.#
.......@.#.#
.........#.#
.........#
........(#
.........#
....$....#
.........#
....)....#


You could see Terence.

Vanquished Creatures
  An adder (D:2)
  A dart slug (D:1)
  A leopard gecko (D:2)
  4 bats
  3 giant cockroaches
  2 goblins (D:1)
  3 hobgoblins
  3 jackals (D:2)
  3 kobolds (D:1)
  A frilled lizard (D:1)
  5 rats
27 creatures vanquished.

Notes
Turn   | Place    | Note
-------+----------+-------------------------------------------
     0 | D:1      | inc the Octopode Fire Elementalist began the quest for the
                  | Orb.
     0 | D:1      | Reached XP level 1. HP: 11/11 MP: 3/3
    83 | D:1      | Reached XP level 2. HP: 17/17 MP: 0/5
   734 | D:2      | Found a shimmering altar of Xom.
   768 | D:2      | Reached XP level 3. HP: 14/21 MP: 0/6
  1075 | D:2      | Noticed Terence
  1083 | D:2      | HP: 1/21 [Terence/mace of draining (4)]
  1083 | D:2      | Slain by Terence

Skill      XL: |  1  2 |
---------------+-------+-----
Conjurations   | 2 3 |  3.3
Dodging        | |  2.0
Stealth        | |  2.6
Spellcasting   | |  2.0
Fire Magic     | |  3.0

Action                   || total
-------------------------++-------
Melee: Dagger            ||    21
       Constrict         ||     9
       Tentacles         ||     2
 Cast: Flame Tongue      ||    37
Armor: Skin              ||     7
Dodge: Dodged            ||    37
